 Dungeon Crawl Stone Soup version 0.23.0 (webtiles) character file.

Game seed: 5582386298726428850

27 inmateoo the Digger (level 2, -4/21 HPs)
             Began as a Demonspawn Earth Elementalist on Feb 9, 2019.
             Slain by a gnoll
             ... wielding a +0 halberd
              (16 damage)
             ... on level 2 of the Dungeon.
             The game lasted 00:01:20 (596 turns).

inmateoo the Digger (Demonspawn Earth Elementalist)  Turns: 596, Time: 00:01:21

Health: -4/21      AC:  4    Str:  8    XL:     2   Next: 93%
Magic:  5/5        EV: 12    Int: 16    God:
Gold:   63         SH:  0    Dex: 13    Spells: 2/5 levels left

rFire    . . .     SeeInvis .   f - +0 short sword
rCold    . . .     Gourm    .   (no shield)
rNeg     . . .     Faith    .   c - +0 robe
rPois    .         Spirit   .   (no helmet)
rElec    .         Reflect  .   (no cloak)
rCorr    .         Harm     .   (no gloves)
MR       .....                  (no boots)
Stlth    ++........             a - amulet of regeneration
HPRegen  0.47/turn              (no ring)
MPRegen  0.09/turn              (no ring)

@: no status effects
A: slimy green scales 1
a: no special abilities


You were on level 2 of the Dungeon.
You were not hungry.

You visited 1 branch of the dungeon, and saw 2 of its levels.

You collected 63 gold pieces.

Inventory:

Hand Weapons
 f - a +0 short sword (weapon)
Missiles
 b - 48 stones (quivered)
Armour
 c - a +0 robe (worn)
 e - a +0 ring mail
 g - a +0 large shield
Jewellery
 a - an amulet of regeneration (around neck)
Wands
 l - a wand of flame (16)
Scrolls
 h - a scroll of fog {unknown}
Potions
 i - a potion of agility {unknown}
 j - a potion of haste
 k - 2 potions of curing
Comestibles
 d - a ration


   Skills:
 + Level 1.2 Fighting
 - Level 1.7 Dodging
 - Level 1.7 Stealth
 - Level 2.0 Spellcasting
 - Level 0.8 Transmutations
 * Level 3.4 Earth Magic


You had 2 spell levels left.
You knew the following spells:

 Your Spells              Type           Power        Failure   Level  Hunger
a - Sandblast             Erth           ##....       4%          1    #......
b - Passwall              Tmut/Erth      #.......     13%         2    ###....

Your spell library contained the following spells:

 Spells                   Type           Power        Failure   Level  Hunger
 Stone Arrow              Conj/Erth      #.....       30%         3    ###....
 Petrify                  Tmut/Erth      #.......     63%         4    #####..
 Lee's Rapid Deconstruct  Erth           ##........   80%         5    ######.


Dungeon Overview and Level Annotations

Branches:
Dungeon (2/15)

Altars:


Innate Abilities, Weirdness & Mutations

You are partially covered in slimy green scales. (AC +2)


Message History

You open the door.
Found a mace.
There is an open door here.
HP restored.
Key pressed, stopping explore.
No target in view!
As you open the door, it creaks loudly!
A rat, 3 jackals and 3 gnolls come into view.
The jackal barks! x2; The gnoll shouts!
The jackal barks!
The gnoll shouts!
A gnoll comes into view. It is wielding a +0 halberd.
Found a potion of curing and 18 stones.
The gnoll hits you but does no damage. The rat bites you but does no damage.
There is an open door here.
You hit the gnoll.
The gnoll is moderately wounded.
The jackal barely misses you. The jackal misses you.
The gnoll hits you with a +0 spear! The rat bites you but does no damage.
The gnoll hits you from afar with a +0 halberd!
Ouch! That really hurt!
You die...

# #####.#
....... .....#
.g(..#
#######rg...#
###.....@ghh!.+
#....####hg...#
#)...# .....#
#....# ######
#....# #....#
#....###
###....# ####.#


You could see 4 gnolls, 3 jackals and a rat.

Vanquished Creatures
  2 leopard geckos (D:1)
  4 bats
  A giant cockroach (D:1)
  3 goblins (D:1)
  6 hobgoblins (D:1)
  2 frilled lizards (D:1)
  2 kobolds
  A rat (D:1)
21 creatures vanquished.

Notes
Turn   | Place    | Note
-------+----------+-------------------------------------------
     0 | D:1      | inmateoo the Demonspawn Earth Elementalist began the quest
                  | for the Orb.
     0 | D:1      | Reached XP level 1. HP: 13/13 MP: 3/3
   101 | D:1      | Reached skill level 3 in Earth Magic
   143 | D:1      | Gained mutation: You are partially covered in slimy green
                  | scales. (AC +2) [demonic ancestry]
   143 | D:1      | Reached XP level 2. HP: 18/20 MP: 5/5
   287 | D:1      | Reached skill level 1 in Fighting
   293 | D:1      | Learned a level 2 spell: Passwall
   596 | D:2      | Slain by a gnoll

Skill      XL: |  1  2 |
---------------+-------+-----
Earth Magic    | 3 |  3.4
Fighting       | 1 |  1.2
Dodging        | |  1.7
Stealth        | |  1.7
Spellcasting   | |  2.0
Transmutations | |  0.8

Action                   || total
-------------------------++-------
Melee: Short sword       ||    68
 Cast: Sandblast         ||     3
  Use: Scroll            ||     3
 Stab: Sleeping          ||     2
Armor: Robe              ||    21
Dodge: Dodged            ||    58
